 Dungeon Crawl Stone Soup version 0.29-a0-40-g8eb35efe60 (webtiles) character file.

Game seed: 16603882162921618398

546580 riojii the Slayer (level 27, -7/228 HPs)
             Began as a Djinni Air Elementalist on Feb 1, 2022.
             Was a High Priest of Ashenzari.
             Mangled by a storm dragon (14 damage)
             ... on level 5 of the Realm of Zot.
             The game lasted 02:10:19 (50153 turns).

riojii the Slayer (Djinni Air Elementalist)        Turns: 50153, Time: 02:10:19

Health: -7/228     AC: 16    Str:  5    XL:     27
Gold:   5158       EV: 18    Int: 26    God:    Ashenzari [*****.] SH:  0 Dex: 28

rFire   + + .      SeeInvis +   (no weapon)
rCold   . . .      Faith    .   g - +3 warlock's mirror {reflect, Fort, Self} (curse)
rNeg    + . .      Spirit   .   K - +0 troll leather armour "Adversity of the Sky" {Regen+, Self, Fort} (curse)
rPois   ∞          Reflect  +   h - +2 hat "Shattered Together" {rN+ Dex+2, Self, Fort} (curse)
rElec   +          Harm     .   F - +0 cloak of the Fated Oracle {Self, Cun} (curse)
rCorr   .          Rampage  .   E - +0 pair of gloves "Eternal Bitterness" {Dex+3, Fort, Evo} (curse)
Will    +++..      Clarity  +   (boots unavailable)
Stlth   ++++++....              p - amulet of Ashenzari's Oblivion {Regen+, Cun, Fort} (curse)
HPRegen 2.08/turn               U - ring of Ashenzari's Stars {Drain rElec rC+ Dex+6, Self, Evo} (curse)
MPRegen 0.00/turn               l - ring of the Ensconced God {Wiz, Self, Fort} (curse)

@: on vortex cooldown, flying, slightly contaminated, held, unable to read
A: sickness immunity, fire resistance 2, cold vulnerability 1, float, innate
caster, HP casting, extra vitality 1, iridescent scales 1, berserk 2, dopey 1,
strong-willed 1, passive freeze, weak 1, wild magic 1, no potion heal 1,
inability to read while threatened, MP-powered wands
}: 3/15 runes: barnacled, silver, gossamer
a: Renounce Religion, Curse Item, Shatter the Chains


You were on level 5 of the Realm of Zot.
You worshipped Ashenzari.
Ashenzari was extremely pleased with you.
You visited 9 branches of the dungeon, and saw 46 of its levels.
You visited 1 bazaar.

You collected 8758 gold pieces.
You spent 3600 gold pieces at shops.

Inventory:

Hand Weapons
 d - a +0 dire flail
Armour
 g - the cursed +3 warlock's mirror (worn) {reflect, Fort, Self}
   (You acquired it on level 1 of the Dungeon)

   It can block and reflect piercing ranged attacks and magical attacks against
   the wielder's willpower.
   It has a curse which improves the following skills: Fortitude: Armour and
   Shields.
   Introspection: Fighting and Spellcasting.
 h - the cursed +2 hat "Shattered Together" (worn) {rN+ Dex+2, Self, Fort}
   (You acquired it on level 1 of the Dungeon)

   Dex:       It affects your dexterity (+2).
   rN:        It protects you from negative energy.
   It has a curse which improves the following skills: Introspection: Fighting
   and Spellcasting.
   Fortitude: Armour and Shields.
 E - the cursed +0 pair of gloves "Eternal Bitterness" (worn) {Dex+3, Fort, Evo}
   (You acquired it on level 1 of the Lair of Beasts)

   It has a curse which improves the following skills: Fortitude: Armour and
   Shields.
   Evocations: Evocations.
 F - the cursed +0 cloak of the Fated Oracle (worn) {Self, Cun}
   (You found it on level 1 of the Lair of Beasts)

   It has a curse which improves the following skills: Introspection: Fighting
   and Spellcasting.
   Cunning:   Dodging and Stealth.
 K - the cursed +0 troll leather armour "Adversity of the Sky" (worn) {Regen+, Self, Fort}
   (You found it on level 6 of the Lair of Beasts)

   Regen:     It increases your rate of health regeneration.
   It has a curse which improves the following skills: Introspection: Fighting
   and Spellcasting.
   Fortitude: Armour and Shields.
Jewellery
 a - a ring of resist corrosion
 f - a ring of protection from fire
 l - the cursed ring of the Ensconced God (right hand) {Wiz, Self, Fort}
   (You found it on level 9 of the Dungeon)

   [ring of wizardry]

   It improves your spell success rate.
   It has a curse which improves the following skills: Introspection: Fighting
   and Spellcasting.
   Fortitude: Armour and Shields.
 m - a +4 ring of evasion
 p - the cursed amulet of Ashenzari's Oblivion (around neck) {Regen+, Cun, Fort}
   (You took it off an orc on level 5 of the Dungeon)

   [amulet of regeneration]

   Regen:     It increases your rate of health regeneration.
   It has a curse which improves the following skills: Cunning: Dodging and
   Stealth.
   Fortitude: Armour and Shields.
 G - the ring of Adoedghi {rElec EV+4}
   (You took it off a vampire knight on level 2 of the Depths)

   [ring of evasion]

   EV:        It affects your evasion (+4).
   rElec:     It insulates you from electricity.
 N - a ring of protection from cold
 O - a +4 ring of protection
 P - a +4 ring of protection
 T - a ring of positive energy
 U - the cursed ring of Ashenzari's Stars (left hand) {Drain rElec rC+ Dex+6, Self, Evo}
   (You took it off a merfolk on level 4 of the Shoals)

   [ring of dexterity]

   Dex:       It affects your dexterity (+6).
   rC:        It protects you from cold.
   rElec:     It insulates you from electricity.
   Drain:     It drains your maximum health when unequipped.
   It has a curse which improves the following skills: Introspection: Fighting
   and Spellcasting.
   Evocations: Evocations.
 V - a ring of fire
 W - the ring "Cuarris" {rF+ rC+ Dex+7}
   (You took it off a purple draconian on level 2 of the Realm of Zot)

   [ring of protection from fire]

   Dex:       It affects your dexterity (+7).
   rF:        It protects you from fire.
   rC:        It protects you from cold.
 Z - the ring "Xuofenle" {rPois Int+5}
   (You took it off an ironbound convoker on level 5 of the Vaults)

   [ring of poison resistance]

   Int:       It affects your intelligence (+5).
   rPois:     It protects you from poison.
Wands
 r - a wand of paralysis (22)
 t - a wand of flame (91)
 u - a wand of charming (13)
 v - a wand of polymorph (23)
 z - a wand of acid (46)
 C - a wand of iceblast (38)
 L - a wand of mindburst (30)
 M - a wand of digging (26)
Scrolls
 j - 8 scrolls of enchant weapon
 n - 16 scrolls of teleportation
 q - 7 scrolls of enchant armour
 s - 3 scrolls of brand weapon
 y - 3 scrolls of fear
 A - 4 scrolls of silence
 B - 6 scrolls of fog
 D - 2 scrolls of holy word
 R - 3 scrolls of magic mapping
Potions
 b - 8 potions of lignification
 c - 5 potions of invisibility
 e - 7 potions of brilliance
 i - 5 potions of berserk rage
 k - 15 potions of curing
 o - 3 potions of cancellation
 x - 5 potions of attraction
 H - 7 potions of ambrosia
 I - 7 potions of haste
 J - 7 potions of might
 Q - 2 potions of resistance
 S - 6 potions of mutation


   Skills:
 * Level 26.2(27) Fighting
 + Level 17.6(24.7) Armour
 + Level 22.7(25.7) Dodging
 - Level 8.8(12.3) Stealth
 - Level 9.2(16.3) Shields
 * Level 21.0(27) Spellcasting


You couldn't memorise any spells.
You knew the following spells:

 Your Spells              Type           Power      Damage    Failure   Level
a - Shock                 Conj/Air       100%       1d9       1%          1
b - Static Discharge      Conj/Air       100%       N/A       1%          2
c - Swiftness             Air            100%       N/A       1%          3
d - Airstrike             Air            61%        N/A       1%          4
e - Slow                  Hex            100%       N/A       1%          1
f - Searing Ray           Conj           100%       2d8       1%          2
g - Passwall              Tmut/Erth      100%       N/A       1%          2
h - Conjure Flame         Conj/Fire      100%       6-21      1%          3
i - Irradiate             Conj/Tmut      61%        3d34      1%          5
j - Lee's Rapid Deconstr  Erth           61%        3d29*     1%          5
k - Dispersal             Tloc           61%        N/A       1%          6
l - Storm Form            Tmut/Air       61%        N/A       1%          7
m - Statue Form           Tmut/Erth      82%        N/A       1%          6
n - Discord               Hex            61%        N/A       1%          8
o - Ignition              Fire           61%        3d17      1%          8
p - Borgnjor's Revivific  Necr           61%        N/A       1%          8
q - Polar Vortex          Ice            61%        N/A       1%          9
Your spell library was empty.

Dungeon Overview and Level Annotations

Branches:
Dungeon (15/15)            Temple (1/1) D:4            Lair (6/6) D:10
 Shoals (4/4) Lair:3       Spider (4/4) Lair:2        Slime (0/5) Lair:5
    Orc (2/2) D:12            Elf (0/3) Orc:2        Vaults (5/5) D:14
  Crypt (0/3) Vaults:3     Depths (4/4) D:15            Zot (5/5) Depths:4

Altars:
Ashenzari
Cheibriados
Dithmenos
Elyvilon
Fedhas
Gozag
Hepliaklqana
Kikubaaqudgha
Makhleb
Nemelex Xobeh
Okawaru
Qazlal
Ru
Sif Muna
Trog
Uskayaw
Vehumet
Wu Jian
Xom
Yredelemnul
Zin
The Shining One
Beogh
Jiyva

Shops:
D:11 (   D:12 (   Orc:2 [?[!(*   Shoals:1 ?   Vaults:3 :   Depths:2 ??
Depths:3 *[!

Portals:
Hell: Depths:1 Depths:2 Depths:3 Depths:4
Abyss: Depths:2 Depths:3 Depths:4
Pandemonium: Depths:2
Ziggurat: Depths:4
Trove: Vaults:4 (give 4 scrolls of fog)

Annotations:
D:13 2 runed translucent doors, exclusion: orange crystal statue
Spider:2 3 runed translucent doors, knot's ghost, adept DsBe
Spider:3 Roxanne
Vaults:3 3 runed translucent doors, Synox's ghost, legendary FoFi


Innate Abilities, Weirdness & Mutations

You are immune to sickness and miasma.
You are immune to poison.
Your flesh is very heat resistant. (rF++)
You are vulnerable to cold. (rC-)
You float through the air rather than walking.
You learn spells naturally, not from books.
Your magical power is your life essence.
You have superior vitality. (+4 MHP)
You are partially covered in iridescent scales. (AC +2)
You often lose your temper in combat.
You are dopey. (Int -2)
You are strong-willed. (Will+)
A frigid envelope surrounds you and freezes all who hurt you.
You are weak. (Str -2)
Your spells are a little harder to cast, but a little more powerful.
Potions are less effective at restoring your health.
You sometimes lose the ability to read scrolls when taking damage.
You expend health (3 HP) to strengthen your wands.


Message History

The storm dragon is heavily wounded.
The storm dragon claws you but does no damage.
The storm dragon completely resists.
The storm dragon tramples you but does no damage.
The storm dragon resists.
The storm dragon is very cold.
The storm dragon is heavily wounded.
A Killer Klown comes into view. It is wielding a +11 club of flaming.
A yellow draconian comes into view. It is wielding a +0 dire flail.
The storm dragon closely misses you. The storm dragon misses you.
The storm dragon closely misses you.
An ancient lich comes into view.
You struggle against the net.
The storm dragon bites you!!
* * * LOW HITPOINT WARNING * * *
The storm dragon resists.
The storm dragon is very cold.
The storm dragon is heavily wounded.
The storm dragon claws you but does no damage.
The storm dragon resists.
The storm dragon is very cold.
The storm dragon is heavily wounded.
The storm dragon closely misses you.
A yellow draconian comes into view. It is wielding a +0 halberd.
The Orb Guardian barely misses you. The Orb Guardian hits you!!
* * * LOW HITPOINT WARNING * * *
The Orb Guardian is very cold.
The Orb Guardian is severely wounded.
The ancient lich shouts!
You struggle against the net.
The storm dragon closely misses you. The storm dragon misses you.
The storm dragon tramples you but does no damage.
The storm dragon resists.
The storm dragon is very cold.
The storm dragon is heavily wounded.
The Orb Guardian hits you!
* * * LOW HITPOINT WARNING * * *
The Orb Guardian is very cold.
The Orb Guardian is severely wounded.
The Orb Guardian misses you.
The storm dragon bites you but does no damage.
The storm dragon resists.
The storm dragon is very cold.
The storm dragon is severely wounded.
The storm dragon claws you!
You die...

,, ,, ,^ ,
#........... ,,,
, #...........,
,,^,, ,
#§...§......^,,,
, #§§^.§§.§§..,,
, #....§§§§... ,
, , #.§dD§§.§Ld
, ,# ##DXX§X.§d.
, , ,*#
▓##@§.§Lp.. ,
....
▓▓▓▓.§§§^##**
*▓▓▓▓
▓▓▓..§§.... , ,
,*
▓▓....§....,,,,
,, , ^..§...,, ,
,.§...!. , , {{
*, , ....... ,
{{ * , ....... ,
, , * ,, ,, , ,
, ,


You could see a Killer Klown, an ancient lich, a dread lich, 2 storm dragons, 2
draconians, a green draconian and 3 Orb Guardians.

Vanquished Creatures
  A dread lich (Vaults:4)
  Mennas (Vaults:2)
  2 orbs of fire
  Mara (Vaults:4)
  2 juggernauts (Depths:4)
  A shard shrike (Zot:4)
  Bai Suzhen (Shoals:4)
  5 curse toes
  Xtahua (Vaults:2)
  4 caustic shrikes (Depths:2)
  13 golden dragons
  Jory (Depths:2)
  3 electric golems
  Rupert (D:14)
  A walking crystal tome (Depths:2)
  16 Orb Guardians (Zot:5)
  8 titans
  3 liches
  6 quicksilver dragons
  19 tentacled monstrosities
  7 death cobs
  Polyphemus (Shoals:4)
  A kraken (Shoals:3)
  7 sphinxes
  Kirke (D:15)
  10 shadow dragons
  15 storm dragons
  5 draconian monks
  9 tengu reavers
  8 fire giants
  9 frost giants
  18 vault wardens
  3 deep elf sorcerers
  4 emperor scorpions
  4 draconian knights
  5 ghost moths
  Louise (D:15)
  2 orc warlords (Depths:3)
  A cacodemon (Depths:2)
  3 iron dragons
  2 spriggan defenders (Depths:2)
  8 draconian scorchers
  6 draconian shifters
  A caustic shrike skeleton (Depths:2)
  2 draconian annihilators (Zot:2)
  16 ironbound preservers
  6 broodmothers
  4 draconian stormcallers
  12 stone giants
  17 very ugly things
  A broodmother (shapeshifter) (Vaults:5)
  Nessos (D:14)
  9 ironbound thunderhulks
  6 entropy weavers
  12 purple draconians
  11 black draconians
  12 yellow draconians
  4 vampire knights
  12 red draconians
  10 dire elephants
  Azrael (D:15)
  19 green draconians
  4 white draconians
  8 spark wasps
  14 ettins
  5 merfolk javelineers
  4 merfolk impalers (Shoals:4)
  Josephine (D:14)
  14 fire dragons
  2 jiangshi (Depths:3)
  5 great orbs of eyes
  2 deep elf high priests
  Erolcha (D:11)
  14 yaktaur captains
  29 vault guards
  A quicksilver dragon skeleton (Depths:2)
  A rakshasa (Depths:2)
  11 boulder beetles
  13 hydras
  8 ice dragons
  2 merfolk avatars (Shoals:1)
  4 spriggan air magi
  11 centaur warriors
  5 ogre magi
  10 ironbound frosthearts
  3 radroaches
  7 merfolk aquamancers
  5 catoblepae
  12 two-headed ogres
  A death knight (Vaults:3)
  3 satyrs (Shoals:3)
  8 deep troll shamans
  6 tengu warriors
  Urug (D:14)
  4 vampire magi
  5 deep troll earth magi
  2 spriggan berserkers
  11 death yaks
  14 hell knights
  A sun demon (Depths:2)
  5 skeletal warriors (D:13)
  A storm dragon zombie (Depths:2)
  Nergalle (D:12)
  7 pharaoh ants
  7 iron trolls
  5 sea snakes
  A flayed ghost (Depths:1)
  A sun moth (Spider:4)
  67 deep trolls
  A deep elf archer (Vaults:1)
  5 steelbarb worms
  20 ironbound convokers
  6 lindwurms
  13 orb spiders
  3 glowing orange brains
  A spriggan simulacrum (Depths:2)
  12 harpies
  4 deep elf pyromancers
  An obsidian statue (Zot:5)
  3 human zombies
  24 fauns
  2 orc knights
  12 wolf spiders
  13 wizards
  2 deep elf zephyrmancers
  An orc sorcerer (Orc:1)
  8 necromancers
  33 ugly things
  2 fauns (shapeshifter) (Vaults:5)
  A shining eye (shapeshifter) (Vaults:5)
  10 cyclopes
  A frost giant zombie (Depths:2)
  3 centaur zombies
  12 manticores
  24 elephants
  16 vault sentinels
  13 merfolk sirens
  28 moths of wrath
  3 frost giant skeletons (Depths:2)
  A water nymph (shapeshifter) (Vaults:5)
  9 apocalypse crabs (Zot:2)
  2 torpor snails (Spider:1)
  A stone giant skeleton (Vaults:4)
  10 water nymphs
  9 cane toads
  2 black mambas
  5 gargoyles
  An unseen horror (D:10)
  7 rime drakes (D:15)
  A kobold demonologist (D:11)
  2 efreet (D:14)
  8 demonic crawlers
  6 komodo dragons
  2 freezing wraiths (Vaults:5)
  38 yaktaurs
  3 tengu conjurers
  A hellwing (Depths:2)
  A red devil (Depths:2)
  An ice devil (Depths:2)
  3 elves (Depths:3)
  4 trolls
  2 hornets (Depths:3)
  13 merfolk
  3 polar bears
  5 wind drakes
  40 slime creatures
  17 tarantellas
  9 dream sheep
  3 shadows
  7 snapping turtles
  A stone giant simulacrum (Vaults:2)
  4 blink frogs (Lair:6)
  29 jumping spiders
  An iron dragon simulacrum (Depths:2)
  8 air elementals (Shoals:4)
  Sigmund (D:6)
  15 culicivoras
  A deep troll skeleton (Vaults:2)
  18 water elementals
  6 wraiths
  2 vampires
  2 spriggans (Depths:3)
  2 spriggan skeletons (Depths:2)
  10 wyverns
  A hog (D:15)
  11 basilisks
  51 yaks
  11 humans
  A golden eye (shapeshifter) (D:14)
  A basilisk (shapeshifter) (D:15)
  71 redbacks
  10 vampire mosquitoes
  4 fire elementals (D:15)
  4 wargs (Orc:1)
  4 acid dragons
  A floating eye (Depths:4)
  6 hell hounds (D:15)
  17 water moccasins
  2 hydra simulacra (Zot:4)
  2 ice beasts (D:6)
  15 orc warriors
  A swamp drake (D:10)
  5 black bears
  28 ogres
  22 wolves
  6 boggarts
  17 centaurs
  A phantom (D:5)
  2 necrophages
  6 lemures (Depths:3)
  A kobold brigand (D:6)
  An elf simulacrum (Vaults:3)
  14 bullfrogs
  2 scorpions
  A glowing shapeshifter simulacrum (Vaults:3)
  A wyvern zombie (D:8)
  A human skeleton (Vaults:4)
  A water moccasin zombie (D:7)
  6 killer bees (D:10)
  2 spectral wolves (Depths:3)
  2 electric eels (Lair:6)
  2 howler monkeys
  6 hounds
  3 centaur skeletons
  A gnoll shaman (D:7)
  9 orc priests
  7 jellies
  Terence (D:3)
  4 iguanas
  10 orc wizards
  4 hell rats (D:15)
  A hound skeleton (D:5)
  13 gnolls
  7 adders
  A shadow imp (D:7)
  2 white imps (D:5)
  2 worms
  49 orcs
  8 ball pythons
  4 endoplasms
  4 giant cockroaches
  3 goblins
  9 hobgoblins
  3 jackals (D:3)
  3 quokkas
  A bat (D:1)
  2 frilled lizards
  11 kobolds
  7 rats
  4 bushes (Shoals:1)
1829 creatures vanquished.

Vanquished Creatures (collateral kills)
  A curse toe (Zot:2)
  A titan (Vaults:2)
  A sphinx (Vaults:2)
  A vault warden (Vaults:2)
  An ironbound preserver (Vaults:2)
  2 stone giants (Vaults:2)
  A deep elf high priest (Vaults:2)
  An ironbound convoker (Vaults:2)
9 creatures vanquished.

Vanquished Creatures (others)
  A fire giant (Vaults:5)
  A draconian shifter (Zot:2)
  An ironbound preserver (Vaults:4)
  A purple draconian (Zot:4)
  A yaktaur captain (Vaults:5)
  A vault guard (Vaults:5)
  A vault sentinel (Vaults:5)
  3 humans (D:15)
  A wolf (Depths:3)
  An orc wizard (D:7)
  10 fungi
  32 plants
  4 tentacles (Shoals:3)
58 creatures vanquished.

Grand Total: 1896 creatures vanquished

Notes
Turn   | Place    | Note
-------+----------+-------------------------------------------
     0 | D:1      | riojii the Djinni Air Elementalist began the quest for the
                  | Orb.
     0 | D:1      | Reached XP level 1. HP: 15/15 MP: 0/0
   174 | D:1      | Reached XP level 2. HP: 11/22 MP: 0/0
   474 | D:1      | Reached skill level 1 in Fighting
   727 | D:1      | Found a faded altar of an unknown god.
   952 | D:1      | Reached XP level 3. HP: 10/27 MP: 0/0
   952 | D:1      | Learned a level 1 spell: Slow
  1340 | D:1      | Identified 3 scrolls of acquirement
  1340 | D:1      | Acquired the +3 warlock's mirror {reflect}
  1340 | D:1      | Found the +3 warlock's mirror {reflect}
  1347 | D:1      | Acquired the +2 hat "Zuwympiu" {rN+ Dex+2}
  1354 | D:1      | Acquired 823 gold pieces
  1672 | D:2      | Reached XP level 4. HP: 27/32 MP: 0/0
  2718 | D:3      | Reached skill level 2 in Fighting
  2720 | D:3      | Reached XP level 5. HP: 31/38 MP: 0/0
  2720 | D:3      | Learned a level 2 spell: Searing Ray
  2723 | D:3      | Reached skill level 1 in Shields
  3320 | D:3      | Noticed Terence
  3326 | D:3      | Killed Terence
  3571 | D:4      | Reached XP level 6. HP: 35/45 MP: 0/0
  3872 | D:4      | Noticed a black bear
  3879 | D:4      | Killed a black bear
  3880 | D:4      | Reached skill level 3 in Fighting
  3942 | D:4      | Found a staircase to the Ecumenical Temple.
  4162 | Temple   | Entered the Ecumenical Temple
  4310 | Temple   | Became a worshipper of Ashenzari the Shackled
  4557 | D:5      | Entered Level 5 of the Dungeon
  4657 | D:5      | Reached XP level 7. HP: 43/50 MP: 0/0
  4657 | D:5      | Learned a level 2 spell: Passwall
  5287 | D:5      | Reached skill level 4 in Fighting
  5367 | D:5      | Reached XP level 8. HP: 53/58 MP: 0/0
  5720 | D:6      | Noticed a wraith
  5726 | D:6      | Killed a wraith
  5771 | D:6      | Reached skill level 5 in Fighting
  5890 | D:6      | Noticed Sigmund
  5896 | D:6      | Killed Sigmund
  5897 | D:6      | Reached skill level 5 in Spellcasting
  5897 | D:6      | Reached XP level 9. HP: 63/65 MP: 0/0
  5897 | D:6      | Learned a level 3 spell: Conjure Flame
  5976 | D:6      | Reached skill level 5 in Dodging
  6093 | D:6      | You are sucked into a shaft and drop 2 floors!
  6244 | D:7      | Reached skill level 6 in Fighting
  6294 | D:7      | Found a hazy altar of Hepliaklqana.
  6295 | D:7      | Found a shimmering altar of Xom.
  6296 | D:7      | Found a shadowy altar of Dithmenos.
  7398 | D:8      | Identified the +9 fustibalus "Galixe" {vorpal, rF+ Str+4
                  | Int+3 SInv}
  7578 | D:8      | Noticed a gargoyle
  7594 | D:8      | Killed a gargoyle
  7595 | D:8      | Reached XP level 10. HP: 44/75 MP: 0/0
  7640 | D:8      | Reached skill level 7 in Fighting
  7711 | D:8      | Reached skill level 5 in Stealth
  7715 | D:8      | Reached skill level 5 in Shields
  8159 | D:8      | Gained mutation: You are weak. (Str -2) [potion of
                  | mutation]
  8159 | D:8      | Gained mutation: You have a beak for a mouth. [potion of
                  | mutation]
  8159 | D:8      | Gained mutation: Your body sometimes deteriorates upon
                  | taking damage. [potion of mutation]
  8160 | D:8      | Lost mutation: You have a beak for a mouth. [potion of
                  | mutation]
  8160 | D:8      | Lost mutation: Your body sometimes deteriorates upon taking
                  | damage. [potion of mutation]
  8160 | D:8      | Gained mutation: You are clumsy. (Dex -2) [potion of
                  | mutation]
  8160 | D:8      | Gained mutation: You are very weak. (Str -4) [potion of
                  | mutation]
  8160 | D:8      | Gained mutation: Armour fits poorly on your strangely
                  | shaped body. [potion of mutation]
  8192 | D:9      | Found a stormy altar of Qazlal.
  8210 | D:9      | Found a bloodstained altar of Trog.
  8211 | D:9      | Reached * piety under Ashenzari
  8468 | D:9      | Reached skill level 8 in Fighting
  8790 | D:10     | Entered Level 10 of the Dungeon
  8842 | D:10     | Reached XP level 11. HP: 25/84 MP: 0/0
  8842 | D:10     | Learned a level 5 spell: Irradiate
  8983 | D:10     | Found an ornate altar of the Wu Jian Council.
  9363 | D:10     | Noticed a two-headed ogre
  9379 | D:10     | Killed a two-headed ogre
  9380 | D:10     | Reached skill level 9 in Fighting
  9569 | D:10     | Found a staircase to the Lair.
  9727 | D:10     | Lost mutation: Armour fits poorly on your strangely shaped
                  | body. [potion of mutation]
  9727 | D:10     | Lost mutation: You are clumsy. (Dex -2) [potion of
                  | mutation]
  9727 | D:10     | Lost mutation: You are very weak. (Str -4) [potion of
                  | mutation]
  9727 | D:10     | Gained mutation: You are frail. (-10% HP) [potion of
                  | mutation]
  9727 | D:10     | Gained mutation: You expend health (3 HP) to strengthen
                  | your wands. [potion of mutation]
  9769 | D:10     | Found a burning altar of Makhleb.
  9941 | D:11     | Noticed Erolcha
 10328 | Lair:1   | Entered Level 1 of the Lair of Beasts
 10423 | Lair:1   | Noticed a six-headed hydra
 10423 | Lair:1   | Noticed a five-headed hydra
 10431 | Lair:1   | Killed a five-headed hydra
 10432 | Lair:1   | Killed a six-headed hydra
 10525 | Lair:1   | Gained mutation: Your body sometimes deteriorates upon
                  | taking damage. [mutagenic glow]
 10539 | Lair:1   | Reached XP level 12. HP: 75/83 MP: 0/0
 10816 | Lair:1   | Acquired a +0 pair of gloves of dexterity
 10922 | Lair:1   | Reached ** piety under Ashenzari
 11220 | Lair:2   | Noticed a five-headed hydra
 11230 | Lair:2   | Noticed a four-headed hydra
 11242 | Lair:2   | Killed a four-headed hydra
 11243 | Lair:2   | Reached skill level 10 in Fighting
 11336 | Lair:2   | Found a hole to the Spider Nest.
 11935 | Lair:2   | Killed a five-headed hydra
 12262 | Lair:3   | Reached skill level 11 in Fighting
 12293 | Lair:3   | Reached XP level 13. HP: 53/92 MP: 0/0
 12293 | Lair:3   | Learned a level 5 spell: Lee's Rapid Deconstruction
 12300 | Lair:3   | Gained mutation: You are dopey. (Int -2) [mutagenic glow]
 12311 | Lair:3   | Gained mutation: You passively map a small area around you.
                  | [mutagenic glow]
 12423 | Lair:3   | Found a dark tunnel.
 12591 | Lair:3   | Noticed an eight-headed hydra
 12598 | Lair:3   | Killed an eight-headed hydra
 12641 | Lair:3   | Found a staircase to the Shoals.
 12656 | Lair:3   | Noticed a seven-headed hydra
 12664 | Lair:3   | Killed a seven-headed hydra
 13528 | Lair:4   | Reached skill level 12 in Fighting
 13676 | Lair:4   | Lost mutation: Your body sometimes deteriorates upon taking
                  | damage. [potion of mutation]
 13676 | Lair:4   | Lost mutation: You are frail. (-10% HP) [potion of
                  | mutation]
 13676 | Lair:4   | Lost mutation: You expend health (3 HP) to strengthen your
                  | wands. [potion of mutation]
 13676 | Lair:4   | Gained mutation: You occasionally shout uncontrollably at
                  | your foes. [potion of mutation]
 13676 | Lair:4   | Gained mutation: You are agile. (Dex +2) [potion of
                  | mutation]
 14090 | Lair:5   | Reached skill level 10 in Dodging
 14179 | Lair:5   | Reached skill level 10 in Spellcasting
 14179 | Lair:5   | Reached XP level 14. HP: 76/112 MP: 0/0
 14508 | Lair:5   | Lost mutation: You occasionally shout uncontrollably at
                  | your foes. [potion of mutation]
 14508 | Lair:5   | Lost mutation: You are dopey. (Int -2) [potion of mutation]
 14508 | Lair:5   | Gained mutation: You expend health (3 HP) to strengthen
                  | your wands. [potion of mutation]
 14508 | Lair:5   | Gained mutation: A frigid envelope surrounds you and
                  | freezes all who hurt you. [potion of mutation]
 14729 | Lair:5   | Found a viscous altar of Jiyva.
 14729 | Lair:5   | Found a staircase to the Slime Pits.
 15016 | Lair:6   | Entered Level 6 of the Lair of Beasts
 15475 | Lair:6   | Reached skill level 13 in Fighting
 15736 | Lair:6   | Reached *** piety under Ashenzari
 16671 | D:11     | Killed Erolcha
 16729 | D:11     | Found Ysyaneur's Weapon Shop.
 17356 | D:12     | Reached XP level 15. HP: 105/123 MP: 0/0
 17356 | D:12     | Learned a level 6 spell: Dispersal
 17597 | D:12     | Found Pisuha's Weapon Shop.
 17601 | D:12     | Found a staircase to the Orcish Mines.
 17674 | D:12     | Noticed Nergalle
 17676 | D:12     | Killed Nergalle
 18099 | D:12     | Reached skill level 14 in Fighting
 18460 | D:13     | Found a runed translucent door.
 18478 | D:13     | Found the +10 tower shield of Ignorance {rN+ Int-4}
 18489 | D:13     | Found a runed translucent door.
 18986 | D:14     | Noticed Rupert
 18986 | D:14     | Noticed Urug
 18986 | D:14     | Noticed Nessos
 18986 | D:14     | Found a gate to the Vaults.
 19009 | D:14     | Identified the Compendium of Dhcmrlchtdj
 19034 | D:14     | Identified the Grimoire of Sand
 19044 | D:14     | Identified the Volume of Combed Thunderclap
 19158 | D:14     | Noticed Josephine
 19171 | D:14     | Killed Josephine
 19855 | D:14     | Paralysed by Rupert for 5 turns
 19863 | D:14     | Killed Rupert
 19908 | D:14     | Killed Urug
 19948 | D:14     | Killed Nessos
 20065 | D:15     | Entered Level 15 of the Dungeon
 20065 | D:15     | Found a viscous altar of Jiyva.
 20069 | D:15     | Reached skill level 15 in Fighting
 20115 | D:15     | Noticed Louise
 20128 | D:15     | Killed Louise
 20195 | D:15     | Reached XP level 16. HP: 117/132 MP: 0/0
 20224 | D:15     | Found a staircase to the Depths.
 20262 | D:15     | Found a flickering gateway to a bazaar.
 20277 | Bazaar   | Entered a bazaar
 20286 | Bazaar   | Found Naki's Jewellery Shop.
 20286 | Bazaar   | Found Qiytuode's Book Boutique.
 20304 | Bazaar   | Bought a manual of Dodging for 1200 gold pieces
 20640 | D:15     | Noticed Kirke
 20648 | D:15     | Killed Kirke
 20712 | D:15     | Noticed Azrael
 21400 | D:15     | Killed Azrael
 21403 | D:15     | Reached skill level 16 in Fighting
 21551 | Orc:1    | Entered Level 1 of the Orcish Mines
 22035 | Orc:2    | Entered Level 2 of the Orcish Mines
 22035 | Orc:2    | Found Nall's Assorted Antiques.
 22288 | Orc:2    | Found a staircase to the Elven Halls.
 22666 | Orc:2    | Found Huidoato's Antique Armour Emporium.
 22666 | Orc:2    | Found Ibrek's Antique Armour Boutique.
 22667 | Orc:2    | Found Erily's Distillery.
 22667 | Orc:2    | Found Iffoes's Magic Scroll Emporium.
 22804 | Orc:2    | Found Ucalyegu's Firing Range.
 23154 | Spider:1 | Entered Level 1 of the Spider Nest
 23157 | Spider:1 | Reached XP level 17. HP: 136/141 MP: 0/0
 23157 | Spider:1 | Learned a level 7 spell: Storm Form
 23460 | Spider:1 | Identified the +2 robe of Syndicalism {Will++ Str+4 Dex+2}
 23645 | Spider:1 | Reached skill level 17 in Fighting
 24301 | Spider:2 | Reached skill level 15 in Dodging
 24951 | Spider:2 | Found a runed translucent gate.
 24951 | Spider:2 | Found a runed translucent gate.
 24953 | Spider:2 | Found a runed translucent gate.
 25172 | Spider:2 | Reached skill level 1 in Armour
 25428 | Spider:2 | Identified the -6 pair of gloves of Truth {rElec Will++
                  | Str-4}
 25429 | Spider:2 | Noticed knot's ghost (adept DsBe)
 26045 | Spider:3 | Reached XP level 18. HP: 135/151 MP: 0/0
 26173 | Spider:3 | Identified Roxanne's Disquisition on Earth
 26173 | Spider:3 | Noticed Roxanne
 26294 | Spider:4 | Entered Level 4 of the Spider Nest
 26719 | Spider:4 | Reached skill level 18 in Fighting
 27153 | Spider:4 | Got a gossamer rune of Zot
 27474 | Shoals:1 | Entered Level 1 of the Shoals
 27859 | Shoals:1 | Found Xayjesti's Magic Scroll Shoppe.
 28029 | Shoals:1 | Reached skill level 5 in Armour
 28283 | Shoals:1 | Identified the +1 animal skin of the Miller {rCorr Int-2
                  | Dex+7}
 28955 | Shoals:2 | Reached **** piety under Ashenzari
 29144 | Shoals:2 | Reached skill level 15 in Spellcasting
 29144 | Shoals:2 | Reached XP level 19. HP: 154/164 MP: 0/0
 29144 | Shoals:2 | Learned a level 6 spell: Statue Form
 29555 | Shoals:3 | Reached ***** piety under Ashenzari
 29823 | Shoals:3 | Reached skill level 19 in Fighting
 30380 | Shoals:4 | Entered Level 4 of the Shoals
 30466 | Shoals:4 | Noticed Polyphemus
 30471 | Shoals:4 | Paralysed by an air elemental for 1 turns
 30480 | Shoals:4 | Gained mutation: You are occasionally teleported next to
                  | monsters. [mutagenic glow]
 30488 | Shoals:4 | Killed Polyphemus
 30506 | Shoals:4 | Gained mutation: You occasionally shout uncontrollably at
                  | your foes. [mutagenic glow]
 30631 | Shoals:4 | Identified the Collected Works on Noxious Flames
 30816 | Shoals:4 | Noticed Bai Suzhen
 30824 | Shoals:4 | Killed Bai Suzhen
 31010 | Shoals:4 | Identified the Disquisition on the Freezing Birds
 31010 | Shoals:4 | Identified Sif Muna's Papyrus of Igneous Intoxication
 31029 | Shoals:4 | Got a barnacled rune of Zot
 31064 | Shoals:4 | Identified the ring "Heokluru" {Drain rElec rC+ Dex+6}
 31134 | Shoals:4 | Paralysed by an air elemental for 1 turns
 31265 | Shoals:4 | Found a stormy altar of Qazlal.
 31314 | Shoals:4 | Found a stormy altar of Qazlal.
 31407 | Shoals:4 | Lost mutation: You are agile. (Dex +2) [potion of mutation]
 31407 | Shoals:4 | Lost mutation: You occasionally shout uncontrollably at
                  | your foes. [potion of mutation]
 31407 | Shoals:4 | Gained mutation: You have a somewhat thin skeletal
                  | structure. (Dex +2, Stealth+) [potion of mutation]
 31407 | Shoals:4 | Lost mutation: You have a somewhat thin skeletal structure.
                  | (Dex +2, Stealth+) [potion of mutation]
 31407 | Shoals:4 | Gained mutation: You sometimes lose the ability to read
                  | scrolls when taking damage. [potion of mutation]
 31407 | Shoals:4 | Gained mutation: You have a pair of small antennae on your
                  | head. [potion of mutation]
 31408 | Shoals:4 | Lost mutation: You sometimes lose the ability to read
                  | scrolls when taking damage. [potion of mutation]
 31408 | Shoals:4 | Lost mutation: You are weak. (Str -2) [potion of mutation]
 31408 | Shoals:4 | Gained mutation: Your muscles are strong. (Str +2) [potion
                  | of mutation]
 31408 | Shoals:4 | Gained mutation: You are partially covered in iridescent
                  | scales. (AC +2) [potion of mutation]
 31729 | Vaults:1 | Entered Level 1 of the Vaults
 31968 | Vaults:1 | Reached XP level 20. HP: 125/177 MP: 0/0
 32032 | Vaults:1 | Lost mutation: Your muscles are strong. (Str +2) [mutagenic
                  | glow]
 32142 | Vaults:1 | Reached skill level 20 in Fighting
 33719 | Vaults:2 | Found a huge runed gate.
 33719 | Vaults:2 | Found a huge runed gate.
 33719 | Vaults:2 | Found a huge runed gate.
 33720 | Vaults:2 | Found a huge runed gate.
 33720 | Vaults:2 | Found a huge runed gate.
 33720 | Vaults:2 | Found a huge runed gate.
 33721 | Vaults:2 | Found a huge runed gate.
 33721 | Vaults:2 | Found a huge runed gate.
 33721 | Vaults:2 | Found a huge runed gate.
 33722 | Vaults:2 | Found a huge runed gate.
 33722 | Vaults:2 | Found a huge runed gate.
 33723 | Vaults:2 | Found a huge runed gate.
 33725 | Vaults:2 | Found a huge runed gate.
 33725 | Vaults:2 | Found a huge runed gate.
 33725 | Vaults:2 | Found a huge runed gate.
 33725 | Vaults:2 | Found a huge runed gate.
 33725 | Vaults:2 | Found a huge runed gate.
 33726 | Vaults:2 | Found a huge runed gate.
 33727 | Vaults:2 | Found a huge runed gate.
 33731 | Vaults:2 | Found a huge runed gate.
 33731 | Vaults:2 | Found a huge runed gate.
 33735 | Vaults:2 | Found a huge runed gate.
 33735 | Vaults:2 | Found a huge runed gate.
 33735 | Vaults:2 | Found a huge runed gate.
 33735 | Vaults:2 | Found a huge runed gate.
 33735 | Vaults:2 | Found a huge runed gate.
 33773 | Vaults:2 | Found a huge runed gate.
 33774 | Vaults:2 | Found a huge runed gate.
 33783 | Vaults:2 | Found a huge runed gate.
 33784 | Vaults:2 | Found a huge runed gate.
 33787 | Vaults:2 | Found a huge runed gate.
 33787 | Vaults:2 | Found a huge runed gate.
 33787 | Vaults:2 | Found a huge runed gate.
 33787 | Vaults:2 | Found a huge runed gate.
 33787 | Vaults:2 | Found a huge runed gate.
 33788 | Vaults:2 | Found a huge runed gate.
 33979 | Vaults:2 | Reached XP level 21. HP: 119/185 MP: 0/0
 33979 | Vaults:2 | Learned a level 8 spell: Discord
 34156 | Vaults:2 | Noticed Mennas
 34164 | Vaults:2 | Noticed Xtahua
 34176 | Vaults:2 | Killed Mennas
 34180 | Vaults:2 | Killed Xtahua
 34192 | Vaults:2 | Gained mutation: You are dopey. (Int -2) [mutagenic glow]
 34242 | Vaults:2 | Acquired a manual of Armour
 34414 | Vaults:2 | Identified the +5 dagger of War {drain, rPois rF- rN+++}
 34415 | Vaults:2 | Identified the +3 executioner's axe of Defence by Offence
                  | {freeze, Str+3}
 34431 | Vaults:2 | Gained mutation: Your spells are a little easier to cast,
                  | but a little less powerful. [mutagenic glow]
 34653 | Vaults:3 | Reached skill level 21 in Fighting
 34864 | Vaults:3 | Found a runed translucent gate.
 34865 | Vaults:3 | Found a runed translucent gate.
 34866 | Vaults:3 | Found a runed translucent gate.
 35263 | Vaults:3 | Found a staircase to the Crypt.
 35476 | Vaults:3 | Reached skill level 10 in Armour
 35577 | Vaults:3 | Found Vastaagun's Book Emporium.
 36654 | Vaults:4 | Noticed Mara
 36667 | Vaults:4 | Noticed riojii's illusion
 36671 | Vaults:4 | Noticed riojii's illusion
 36674 | Vaults:4 | Killed Mara
 36801 | Vaults:4 | Found a portal to a secret trove of treasure.
 36806 | Vaults:4 | Reached XP level 22. HP: 192/194 MP: 0/0
 37076 | Vaults:4 | Noticed a dread lich
 37094 | Vaults:4 | Killed a dread lich
 37264 | Vaults:4 | Found the +8 glaive of the Guard {elec, spectral, AC+5}
 37693 | Vaults:5 | Entered Level 5 of the Vaults
 37729 | Vaults:5 | Reached skill level 22 in Fighting
 37884 | Vaults:5 | Identified the +10 demon trident "Wiutsahe" {freeze, rF-
                  | rC++ SInv}
 37885 | Vaults:5 | Noticed a golden dragon
 37889 | Vaults:4 | Gained mutation: You tend to lose your temper in combat.
                  | [mutagenic glow]
 38076 | Vaults:3 | Found a runed translucent gate.
 38076 | Vaults:3 | Found a runed translucent gate.
 38086 | Vaults:3 | Found a runed translucent gate.
 38092 | Vaults:3 | Noticed Synox's ghost (legendary FoFi)
 38093 | Vaults:3 | Identified the +4 pair of gloves of Dithmenos {Rampage
                  | +Blink}
 38107 | Vaults:3 | Lost mutation: You are occasionally teleported next to
                  | monsters. [potion of mutation]
 38107 | Vaults:3 | Lost mutation: You are partially covered in iridescent
                  | scales. (AC +2) [potion of mutation]
 38107 | Vaults:3 | Lost mutation: Your spells are a little easier to cast, but
                  | a little less powerful. [potion of mutation]
 38107 | Vaults:3 | Gained mutation: Your spells are a little harder to cast,
                  | but a little more powerful. [potion of mutation]
 38107 | Vaults:3 | Gained mutation: You have a somewhat thin skeletal
                  | structure. (Dex +2, Stealth+) [potion of mutation]
 38108 | Vaults:3 | Lost mutation: You have a somewhat thin skeletal structure.
                  | (Dex +2, Stealth+) [potion of mutation]
 38108 | Vaults:3 | Lost mutation: Your spells are a little harder to cast, but
                  | a little more powerful. [potion of mutation]
 38108 | Vaults:3 | Gained mutation: You are clumsy. (Dex -2) [potion of
                  | mutation]
 38164 | Vaults:5 | Killed a golden dragon
 38304 | Vaults:4 | Reached XP level 23. HP: 147/201 MP: 0/0
 38304 | Vaults:4 | Learned a level 8 spell: Ignition
 38840 | Vaults:5 | Identified the +3 whip "Sarcophage" {vamp, Fragile rPois
                  | rN++ Int+2}
 38910 | Vaults:5 | Identified the Volume of Displacement and Confrontation
 39209 | Vaults:5 | Identified the +6 hunting sling of Untruth {speed, rElec
                  | Int+2 Dex+4 Stlth-}
 39609 | Vaults:5 | Identified the ring "Xuofenle" {rPois Int+5}
 39635 | Vaults:5 | Identified the Compendium of the Nocuous Glacier
 39649 | Vaults:5 | Identified the Guide on Unstable Execration
 39728 | Vaults:5 | Got a silver rune of Zot
 40152 | Depths:1 | Entered Level 1 of the Depths
 40611 | Depths:1 | Reached skill level 23 in Fighting
 40832 | Depths:1 | Found a gateway to Hell.
 41194 | Depths:2 | Found a one-way gate to the infinite horrors of the Abyss.
 41266 | Depths:2 | Found a one-way gate leading to the halls of Pandemonium.
 41391 | Depths:2 | Noticed a golden dragon
 41407 | Depths:2 | Killed a golden dragon
 41500 | Depths:2 | Reached XP level 24. HP: 196/208 MP: 0/0
 41516 | Depths:2 | Noticed a golden dragon
 41523 | Depths:2 | Killed a golden dragon
 41557 | Depths:2 | Noticed a caustic shrike
 41558 | Depths:2 | Noticed a caustic shrike
 41559 | Depths:2 | Noticed a caustic shrike
 41560 | Depths:2 | Noticed a caustic shrike
 41561 | Depths:2 | Identified the ring of Adoedghi {rElec EV+4}
 41567 | Depths:2 | Killed a caustic shrike
 41568 | Depths:2 | Killed a caustic shrike
 41569 | Depths:2 | Killed a caustic shrike
 41571 | Depths:2 | Killed a caustic shrike
 42033 | Depths:2 | Identified the Handbook of Ice and Necromancy
 42033 | Depths:2 | Identified the Volume of Flamy Clay
 42101 | Depths:2 | Found Ydihut's Magic Scroll Shoppe.
 42167 | Depths:2 | Reached skill level 15 in Armour
 42322 | Depths:2 | Found Fuebebud's Magic Scroll Shoppe.
 42386 | Depths:3 | Noticed a golden dragon
 42387 | Depths:3 | Noticed a golden dragon
 42519 | Depths:2 | Gained mutation: You often lose your temper in combat.
                  | [mutagenic glow]
 42541 | Depths:3 | Killed a golden dragon
 42546 | Depths:3 | Noticed Jory
 42550 | Depths:3 | Killed a golden dragon
 42565 | Depths:2 | Lost mutation: You have a pair of small antennae on your
                  | head. [mutagenic glow]
 42569 | Depths:2 | Killed Jory
 42581 | Depths:2 | Gained mutation: You are occasionally teleported next to
                  | monsters. [mutagenic glow]
 43438 | Depths:3 | Found an opulent altar of Gozag.
 43572 | Depths:3 | Found Rebogria's General Store.
 43586 | Depths:3 | Reached skill level 24 in Fighting
 43778 | Depths:3 | Identified the +3 hand axe of the Screaming Hero {flame,
                  | SInv}
 43798 | Depths:3 | Reached XP level 25. HP: 42/214 MP: 0/0
 43798 | Depths:3 | Learned a level 8 spell: Borgnjor's Revivification
 43976 | Depths:3 | Identified the +7 hunting sling "Ynui" {flame, rF- rN+
                  | Int+2}
 44110 | Depths:3 | Found a bloodstained altar of Trog.
 44361 | Depths:3 | Found The Legendary Riurud's Legendary Smithy.
 44391 | Depths:3 | Found Wiusev's Miraculous Elixirs.
 44400 | Depths:3 | Bought a potion of mutation for 400 gold pieces
 44400 | Depths:3 | Bought a potion of mutation for 400 gold pieces
 44400 | Depths:3 | Bought a potion of mutation for 400 gold pieces
 44400 | Depths:3 | Bought a potion of mutation for 400 gold pieces
 44400 | Depths:3 | Bought a potion of mutation for 400 gold pieces
 44400 | Depths:3 | Bought a potion of mutation for 400 gold pieces
 44400 | Depths:3 | Lost mutation: You are occasionally teleported next to
                  | monsters. [potion of mutation]
 44400 | Depths:3 | Lost mutation: You are clumsy. (Dex -2) [potion of
                  | mutation]
 44400 | Depths:3 | Lost mutation: You passively map a small area around you.
                  | [potion of mutation]
 44400 | Depths:3 | Gained mutation: Your spells are a little harder to cast,
                  | but a little more powerful. [potion of mutation]
 44400 | Depths:3 | Gained mutation: You are partially covered in iridescent
                  | scales. (AC +2) [potion of mutation]
 44549 | Depths:4 | Entered Level 4 of the Depths
 44561 | Depths:4 | Gained mutation: You are strong-willed. (Will+) [mutagenic
                  | glow]
 44568 | Depths:4 | Noticed a juggernaut
 44575 | Depths:4 | Found a one-way gateway to a ziggurat.
 44726 | Depths:4 | Noticed a juggernaut
 44738 | Depths:4 | Killed a juggernaut
 44822 | Depths:4 | Killed a juggernaut
 45282 | Depths:4 | Found a gate to the Realm of Zot.
 45466 | Zot:1    | Entered Level 1 of the Realm of Zot
 46361 | Zot:1    | Gained mutation: You are weak. (Str -2) [mutagenic glow]
 46438 | Zot:2    | Reached XP level 26. HP: 189/221 MP: 0/0
 46591 | Zot:2    | Reached skill level 25 in Fighting
 46627 | Zot:2    | Identified the ring "Cuarris" {rF+ rC+ Dex+7}
 47330 | Zot:2    | Noticed a curse toe
 47359 | Zot:2    | Noticed a curse toe
 47378 | Zot:2    | Killed a curse toe
 47483 | Zot:2    | Noticed a curse toe
 47493 | Zot:2    | Noticed a curse toe
 47504 | Zot:2    | Killed a curse toe
 47606 | Zot:2    | Killed a curse toe
 47620 | Zot:2    | Noticed a curse toe
 47657 | Zot:2    | Killed a curse toe
 47765 | Zot:2    | Killed a curse toe
 48856 | Zot:4    | Noticed an orb of fire
 49040 | Zot:4    | Reached XP level 27. HP: 114/228 MP: 0/0
 49040 | Zot:4    | Learned a level 9 spell: Polar Vortex
 49104 | Zot:4    | Noticed a shard shrike
 49109 | Zot:4    | Killed a shard shrike
 49118 | Zot:4    | Killed an orb of fire
 49810 | Zot:5    | Entered Level 5 of the Realm of Zot
 49839 | Zot:5    | Reached skill level 26 in Fighting
 50127 | Zot:5    | Noticed an orb of fire
 50128 | Zot:5    | Noticed an orb of fire
 50139 | Zot:5    | Gained mutation: You sometimes lose the ability to read
                  | scrolls when taking damage. [an orb of fire]
 50140 | Zot:5    | Killed an orb of fire
 50142 | Zot:5    | Noticed an orb of fire
 50142 | Zot:5    | Noticed an orb of fire
 50149 | Zot:5    | Noticed a dread lich
 50150 | Zot:5    | Gained mutation: Potions are less effective at restoring
                  | your health. [mutagenic glow]
 50151 | Zot:5    | Noticed a Killer Klown
 50151 | Zot:5    | Noticed an ancient lich
 50153 | Zot:5    | HP: 7/228 [Orb Guardian (8)]
 50153 | Zot:5    | Mangled by a storm dragon

Illustrated notes

Levels and vault maps discovered:
D:1:      dpeg_arrival_rhombi, layout_rooms, hellmonk_ecumenical_altar_blasted,
          minmay_misc_feat_five, corexii_leaking_fountain,
          minmay_small_reverse_x
D:2:      layout_basic
D:3:      layout_basic, uniq_terence
D:4:      layout_cave_pods, minmay_temple_entry_hall
D:5:      layout_rooms, minmay_bent
D:6:      layout_loops_corners, mainiacjoe_overflow_six_doors_small,
          grunt_decor_one_mirror, uniq_sigmund
D:7:      layout_loops_ring, grunt_temple_overflow_open
D:8:      layout_basic, serial_corexii_hall, chequers_hall_statues_wall_a,
          chequers_hall_statues_y, nicolae_ossuary_entry_false_entrances,
          kennysheep_generic_room_9
D:9:      layout_rooms, bloody_trog, amcnicky_altar_gilded
D:10:     layout_irregular_city, nicolae_wu_jian_wuxing_cycle,
          overflow_temple_1_default, erik_lair_dragon
D:11:     layout_irregular_city, serial_shops,
          nicolae_shop_bloodbath_and_beyond, gauntlet_entry_generic,
          uniq_erolcha
D:12:     layout_stronghold, orc_david_3, uniq_nergalle
D:13:     layout_big_octagon, chequers_guarded_unrand_ignorance
D:14:     layout_loops_corners, david_vaults_3, minivault_24,
          bh_hangedman_babel_library, uniq_josephine
D:15:     hangedman_depths_entry_civil_slaughter, layout_loops_ring,
          serial_shops, bzr_entry_islet, minmay_stone_trees_medium, special_room
          [special_room_mythical_zoo], hangedman_abyss_or_decor_clamps,
          jiyva_altar_1, uniq_azrael, uniq_kirke, uniq_rupert, uniq_louise
Temple:   eino_narrow_crystal_temple
Lair:1:   layout_regular_city
Lair:2:   layout_cellular_growth, spider_nest_entry_webs, grunt_megastairs_3,
          infiniplex_staircase_pool_2
Lair:3:   layout_long_grid, minmay_shoals_entry_lonely_mermaid,
          nicolae_volcano_entry_two_sided
Lair:4:   layout_big_grid, chequers_serial_rivers_large_b
Lair:5:   layout_long_grid, dpeg_slime_entry_enclosed_altar, beast_lair_carwin_5
Lair:6:   grunt_lair_end_beastmaster, layout_gridlike, serial_bayou_shore_a
Shoals:1: argonaut_golden_fleece, layout_shoals, serial_shops,
          nicolae_shop_behind_doors, nicolae_shoals_nymph_descending_staircase
Shoals:2: layout_shoals
Shoals:3: layout_shoals
Shoals:4: shoals_end_hellmonk_storm_palace [storm_palace_center_ruins,
          storm_palace_corner_altar, storm_palace_corner_grid,
          storm_palace_corner_blocked, storm_palace_corner_altar],
          uniq_polyphemus, uniq_bai_suzhen
Spider:1: layout_cave_pods, hive_lemuel
Spider:2: layout_chambers, gammafunk_ghost_necromancy,
          hellmonk_watch_for_rolling_rocks
Spider:3: layout_spider_delve, uniq_roxanne
Spider:4: guppyfry_spider_rune, guppyfry_spider_mini_2
Orc:1:    cheibrodos_orc_guarddog, layout_caves, basic_altar
Orc:2:    st_orc_ogre_mass, layout_diamond_mine, serial_shops, shop,
          nicolae_shop_firing_range
Vaults:1: vaults_room_door_ring, nicolae_vaults_what_the_h,
          hangedman_vaults_unwind, nicolae_vaults_mini_display_case,
          nicolae_vaults_network_periphery, v_pattern_4,
          dpeg_vaults_monster_box, ontoclasm_vaults_tryst,
          ontoclasm_vaults_ring_small, ontoclasm_vaults_ligature,
          v_alt_pattern_3, vaults_dpeg_hooks, vaults_room_semicircle,
          layout_vaults_maze
Vaults:2: v_misc_16, v_pattern_5, hangedman_vaults_slice,
          hangedman_vaults_capsules, door_vault, v_rooms_5,
          hangedman_vaults_corner_blocks, ontoclasm_vaults_idyll,
          vaults_room_hallway, v_misc_23, layout_vaults_ring, serial_glass,
          uniq_xtahua, uniq_mennas
Vaults:3: ploomutoo_gammafunk_ghost_potion_laboratory, vaults_dpeg_ring,
          minmay_crypt_entry_simple_statues, nicolae_vaults_angled_halls,
          vaults_standard_mumra_enter_the_diamond, v_misc_23,
          nicolae_vaults_network_quinsquares
          [nicolae_vaults_network_quincunx_subvault,
          nicolae_vaults_network_quincunx_subvault,
          nicolae_vaults_network_quincunx_subvault,
          nicolae_vaults_network_quincunx_subvault], ontoclasm_vaults_fault,
          nicolae_vaults_ninety_degrees, v_misc_22,
          nicolae_vaults_ring_of_whatevers, v_alt_pattern_6, serial_ice_h,
          vaults_dpeg_diagonal, layout_vaults_quadrants, serial_shops, shop
Vaults:4: grunt_vaults_funnel, nicolae_vaults_stairing_the_circle,
          grunt_vaults_swirl, v_misc_9, v_rooms_2,
          nicolae_vaults_little_squares_6, nicolae_vaults_yaktaur_gun_rack,
          v_misc_15, minmay_guarded_unrand_guard_vaults, vaults_room_pools,
          layout_vaults_omnicross, enter_trove_2, uniq_mara
Vaults:5: serial_shops
Depths:1: layout_honeycomb, hangedman_abyss_or_decor_stagger, hell_entry,
          kennysheep_four_rooms, firewood_loft, infiniplex_staircase_pool_lava
Depths:2: grunt_arcs, layout_basic, serial_shops, nicolae_shop_crystal,
          nicolae_take_the_stairs, hell_entry, hangedman_abyss_entry_splay,
          rand_demon_pan_entry_7, infiniplex_staircase_door_maze
Depths:3: grated_community_mu [grated_community_mu_vampire_home,
          grated_community_mu_giant_home, grated_community_mu_spellcaster_home,
          grated_community_mu_orcish_home, grated_community_mu_troll_home,
          grated_community_mu_taur_home, grated_community_mu_unbuilt_plot],
          layout_cave_shapes, minmay_misc_feat_doors, hell_entry,
          abyss_entry_glasseish, uniq_jory
Depths:4: grunt_twist_and_shout, layout_cave_pools, enter_ziggurat_a,
          abyss_entry_crystal, hell_entry
Zot:1:    layout_basic
Zot:2:    gammafunk_mikee_crab_dinner, layout_concentric_octagons,
          grunt_megastairs_2
Zot:3:    layout_gridlike, st_stairs_6
Zot:4:    layout_basic, hangedman_elemental_grid_stream
Zot:5:    layout_misc_corridors, grunt_ministairs_15

Skill      XL: |  1  2  3  4  5  6  7  8  9 10 11 12 13 14 15 16 17 18 19 20 21 22 23 24 25 26 27 |
---------------+----------------------------------------------------------------------------------+-----
Fighting       | 1 2 3 4 5 6 8 9 11 12 13 15 16 17 18 19 20 21 22 23 24 25 26 | 26.2
Stealth        | 2 3 4 5 6 7 8 |  8.8
Spellcasting   | 3 4 5 6 7 9 10 11 12 13 14 15 16 17 18 19 20 21 | 21.0
Shields        | 1 2 3 4 5 6 7 8 9 |  9.2
Dodging        | 3 4 6 8 9 10 11 12 14 15 17 18 19 20 21 22 | 22.7
Armour         | 2 5 7 8 10 12 14 15 16 17 | 17.6

Action                   |  1- 3 |  4- 6 |  7- 9 | 10-12 | 13-15 | 16-18 | 19-21 | 22-24 | 25-27 || total
-------------------------+-------+-------+-------+-------+-------+-------+-------+-------+-------++-------
Melee: Unarmed           |       |       |       |       |       |    35 |     1 |     1 |     1 ||    38
 Cast: Shock             |    75 |    88 |   193 |   229 |   116 |       |       |       |       ||   701
       Static Discharge  |     4 |     9 |    47 |    93 |    86 |    10 |       |     1 |       ||   250
       Searing Ray       |       |     2 |     6 |    24 |     7 |    10 |       |       |       ||    49
       Slow              |       |       |     1 |       |       |       |     2 |       |       ||     3
       Conjure Flame     |       |       |     1 |     6 |     2 |     3 |       |       |       ||    12
       Swiftness         |       |       |     1 |       |       |       |       |       |       ||     1
       Irradiate         |       |       |       |    35 |    66 |    82 |    85 |   118 |    90 ||   476
       Lee's Rapid Decon |       |       |       |       |    23 |   102 |   213 |   380 |    92 ||   810
       Airstrike         |       |       |       |       |   462 |   874 |   699 |   422 |   443 ||  2900
       Discord           |       |       |       |       |       |       |     2 |       |       ||     2
       Dispersal         |       |       |       |       |       |       |     1 |       |     1 ||     2
       Ignition          |       |       |       |       |       |       |       |     6 |   158 ||   164
       Polar Vortex      |       |       |       |       |       |       |       |       |     2 ||     2
Invok: Curse Item        |       |       |     1 |     2 |     1 |     2 |     2 |       |       ||     8
  Use: Scroll            |     6 |     9 |     3 |     3 |     3 |     1 |     1 |     4 |     5 ||    35
       Potion            |       |       |       |     3 |     2 |       |     2 |    10 |    10 ||    27
Armor: Robe              |     2 |     2 |     8 |    22 |    15 |       |       |       |       ||    49
       Troll leather arm |       |       |       |       |     2 |    26 |    21 |    44 |    46 ||   139
Dodge: Dodged            |     2 |     8 |    24 |    78 |   139 |   265 |   364 |   544 |   301 ||  1725
Block: Buckler           |     1 |     5 |    27 |    84 |   126 |   181 |   257 |   377 |   161 ||  1219
       Reflection        |       |       |     4 |     9 |    18 |    25 |    71 |    83 |    35 ||   245

Table legend: (Time is in decaauts)
 A = Elapsed time spent in this place.
 B = Non-inter-level travel time spent in this place.
 C = Inter-level travel time spent in this place.
 D = Time resting spent in this place.
 E = Time spent auto-exploring this place.
 F = Levels seen in this place.
 G = Mean time per level.
                   A        B        C        D        E       F      G
               +--------+--------+--------+--------+--------+-----+--------+
         Total |  50227 |  47246 |   2981 |    814 |  36499 |  47 | 1068.7 |
       Dungeon |  15523 |  14148 |   1375 |     31 |  11943 |  15 | 1034.9 |
        Temple |    159 |    142 |     17 |      0 |    135 |   1 |  159.0 |
          Lair |   6387 |   5884 |    503 |     13 |   4834 |   6 | 1064.5 |
        Shoals |   4059 |   3803 |    256 |    120 |   2727 |   4 | 1014.8 |
   Spider Nest |   4229 |   4009 |    220 |     10 |   3087 |   4 | 1057.2 |
  Orcish Mines |   1404 |   1326 |     78 |      0 |   1017 |   2 |  702.0 |
        Vaults |   8406 |   8060 |    346 |    342 |   5622 |   5 | 1681.2 |
        Depths |   5318 |   5231 |     87 |    207 |   3507 |   4 | 1329.5 |
           Zot |   4704 |   4609 |     95 |     91 |   3605 |   5 |  940.8 |
        Bazaar |     34 |     34 |      0 |      0 |     21 |   1 |   34.0 |
               +--------+--------+--------+--------+--------+-----+--------+

Top non-repeatable levels by time:
Vaults:4: 2301 daAuts
Depths:3: 1899 daAuts
Vaults:3: 1866 daAuts
Spider:2: 1546 daAuts
Depths:2: 1538 daAuts
   Zot:2: 1531 daAuts
Vaults:2: 1494 daAuts
Vaults:1: 1468 daAuts
    D:10: 1412 daAuts
    D:15: 1405 daAuts
     D:1: 1362 daAuts
  Lair:6: 1304 daAuts
Vaults:5: 1276 daAuts
     D:3: 1217 daAuts
Shoals:1: 1199 daAuts
